 Dungeon Crawl Stone Soup version 0.30-a0-297-g0ec75d9ef4 (webtiles) character file.

Game seed: 14831663932084843906

136 koil the Sneak (level 4, 0/20 (22) HPs)
             Began as a Spriggan Enchanter on Oct 18, 2022.
             Slain by an orc
             ... wielding a +0 flail
              (5 damage)
             ... on level 3 of the Dungeon.
             The game lasted 00:08:11 (2970 turns).

koil the Sneak (Spriggan Enchanter)                 Turns: 2970, Time: 00:08:11

HP:   0/20 (22)     AC:  3    Str:  4    XL:     4   Next: 98%
MP:   10/10         EV: 18    Int: 16    God:
Gold: 57            SH:  0    Dex: 17    Spells: 4/9 levels left

rFire   . . .      SeeInvis +    u - +5 dagger (venom)
rCold   . . .      Faith    .    (no shield)
rNeg    . . .      Spirit   .    b - +0 robe
rPois   .          Reflect  .    (helmet restricted)
rElec   .          Harm     .    p - +0 cloak
rCorr   .          Rampage  .    (gloves unavailable)
Will    .....                    (boots unavailable)
Stlth   +++.......               (no amulet)
HPRegen 0.23/turn                (no ring)
MPRegen 0.12/turn                (no ring)

@: drained, very quick
A: very small, no large weapons, unfitting armour, see invisible, speed 3
a: no special abilities


You were on level 3 of the Dungeon.
You visited 1 branch of the dungeon, and saw 4 of its levels.

You collected 213 gold pieces.
You spent 156 gold pieces at shops.

Inventory:

Hand Weapons
 a - a +1 dagger
 t - a +0 war axe of electrocution
 u - a +5 dagger of venom (weapon)
Missiles
 l - 9 poisoned darts (quivered)
Armour
 b - a +0 robe (worn)
 g - a +0 cloak
 i - a +0 cloak
 p - a +0 cloak (worn)
Scrolls
 d - a scroll of amnesia {unknown}
 f - 3 scrolls of vulnerability
 h - a scroll of magic mapping {unknown}
 k - 4 scrolls of identify
 o - 3 scrolls of silence {unknown}
 q - a scroll of poison
 r - 2 scrolls of teleportation
Potions
 c - 4 potions of invisibility
 e - 2 potions of cancellation {unknown}
 j - a potion of curing {unknown}
 m - a potion of ambrosia {unknown}
 n - a potion of degeneration {unknown}
 s - 2 potions of mutation {unknown}
 v - a potion of heal wounds {unknown}


   Skills:
 + Level 1.2 Fighting
 + Level 2.2 Short Blades
 + Level 3.7 Dodging
 + Level 5.3 Stealth
 + Level 3.4 Spellcasting
 + Level 4.4 Hexes


You had 4 spell levels left.
You knew the following spells:

 Your Spells              Type           Power      Damage    Failure   Level
a - Ensorcelled Hibernat  Hex/Ice        18%        N/A       11%         2
b - Confusing Touch       Hex            17%        N/A       9%          3

Your spell library contained the following spells:

 Spells                   Type           Power      Damage    Failure   Level
 Tukima's Dance           Hex            17%        N/A       9%          3
 Sandblast                Erth           4%         2d4       19%         1
 Dazzling Flash           Conj/Hex       18%        N/A       22%         3
 Passwall                 Tmut/Erth      1%         N/A       26%         2
 Stone Arrow              Conj/Erth      4%         3d7       47%         3
 Swiftness                Air            2%         N/A       47%         3


Dungeon Overview and Level Annotations

Branches:
Dungeon (4/15)
 Temple: D:4-7

Altars:
The Shining One

Shops:
D:3 ?

Annotations:
D:4 Blork the orc


Innate Abilities, Weirdness & Mutations

You are very small and have problems with some larger weapons.
You are too small for most types of armour.
You have supernaturally acute eyesight. (SInv)
You cover ground extremely quickly. (Speed+++)


Message History

The goblin misses you. The hobgoblin completely misses you.
The goblin misses you. The hobgoblin hits you. The goblin misses you.
There is a stone staircase leading up here.
You hit the hobgoblin.
The hobgoblin is poisoned.
The hobgoblin is heavily wounded.
The hobgoblin barely misses you. The hobgoblin misses you.
The goblin completely misses you. The goblin misses you.
The goblin barely misses you.
You hit the hobgoblin.
The hobgoblin looks as sick as possible!
The hobgoblin is almost dead.
You kill the hobgoblin!
You hit the hobgoblin.
The hobgoblin is lightly wounded.
The goblin hits you with a +0 club. The hobgoblin closely misses you.
The goblin hits you with a +0 dagger of draining.
You feel drained. The goblin misses you. The goblin hits you with a +0 dagger.
You closely miss the hobgoblin.
The hobgoblin is lightly wounded.
The hobgoblin closely misses you. The goblin misses you. The orc misses you.
The goblin completely misses you.
An orc priest comes into view. It is wielding a +0 hand axe.
The goblin hits you but does no damage. The goblin completely misses you.
You barely miss the hobgoblin.
The hobgoblin is lightly wounded.
The hobgoblin completely misses you. The goblin barely misses you.
The orc hits you with a +0 flail. The goblin hits you but does no damage.
You feel drained. The goblin barely misses you.
The goblin hits you but does no damage.
You are too injured to fight recklessly!
Unknown command.
The hobgoblin closely misses you. The goblin hits you with a +0 club.
The orc completely misses you. The goblin closely misses you.
The goblin hits you with a +0 club.
* * * LOW HITPOINT WARNING * * *
The goblin misses you.
You climb upwards.
There is a stone staircase leading down here.
The orc hits you with a +0 flail.
You die...

....#...# #.##.##.#
#####..<# ##.......##
......∩.# #.........#
######'## #.###.###.#
##...## #.# #.# #.#
##.....## #.###.# #.#
##.......## #..##.###.#
##.........####.)og.....#
.+.........'....@>g...###
##.........####.ggg...#
##.......## ##......#
##.....## ##.....#
##...## ##.####
##'######### #.#
#)........# #.#
#.#######.# #.#
##.#######.###.#


You could see an orc, a hobgoblin and 4 goblins.

Vanquished Creatures
  Robin (D:3)
  4 gnolls (D:3)
  An adder (D:3)
  2 worms (D:2)
  3 dart slugs
  6 bats
  5 endoplasms
  4 giant cockroaches
  10 goblins
  4 hobgoblins
  5 jackals (D:1)
  5 kobolds
  4 quokkas
  4 ball pythons
  A frilled lizard (D:3)
  3 rats (D:1)
62 creatures vanquished.

Notes
Turn   | Place    | Note
-------+----------+-------------------------------------------
     0 | D:1      | koil the Spriggan Enchanter began the quest for the Orb.
     0 | D:1      | Reached XP level 1. HP: 9/9 MP: 5/5
    28 | D:1      | Found a faded altar of an unknown god.
   199 | D:1      | Reached XP level 2. HP: 13/13 MP: 6/6
   202 | D:1      | Learned a level 2 spell: Ensorcelled Hibernation
   766 | D:1      | Reached XP level 3. HP: 17/17 MP: 8/8
   835 | D:1      | Learned a level 3 spell: Confusing Touch
   975 | D:2      | Found a glowing golden altar of the Shining One.
  1770 | D:3      | Found Baorag's Magic Scroll Boutique.
  1773 | D:3      | Bought a scroll of vulnerability for 48 gold pieces
  1773 | D:3      | Bought a scroll of poison for 48 gold pieces
  1773 | D:3      | Bought a scroll of identify for 24 gold pieces
  1773 | D:3      | Bought a scroll of teleportation for 36 gold pieces
  2036 | D:3      | Reached skill level 1 in Fighting
  2036 | D:3      | Reached skill level 5 in Stealth
  2078 | D:3      | Reached XP level 4. HP: 22/22 MP: 0/9
  2779 | D:4      | Noticed Blork the orc
  2855 | D:4      | Noticed Robin
  2875 | D:3      | Killed Robin
  2970 | D:3      | Slain by an orc

Illustrated notes

Levels and vault maps discovered:
D:1:      eino_arrival_tree_alley, layout_loops_cross,
          dreamdust_ecumenical_altar_grove, minmay_split_cup_small
D:2:      minmay_wonky_spiral, layout_loops_ring, basic_altar
D:3:      layout_loops_corners, serial_shops, shop, kennysheep_generic_room_8
D:4:      layout_cave_pools, guppyfry_shop_venom, uniq_blork_the_orc,
          uniq_robin, uniq_eustachio, uniq_pikel

Skill      XL: |  1  2  3  4 |
---------------+-------------+-----
Dodging        | 3 |  3.7
Spellcasting   | 3 |  3.4
Hexes          | 4 |  4.4
Fighting       | 1 |  1.2
Stealth        | 5 |  5.3
Short Blades   | 2 |  2.2

Action                   |  1- 3 |  4- 6 || total
-------------------------+-------+-------++-------
Melee: Dagger            |   174 |    51 ||   225
       Punch             |     2 |       ||     2
 Cast: Ensorcelled Hiber |    16 |    10 ||    26
 Stab: Sleeping          |    19 |     9 ||    28
       Distracted        |     1 |       ||     1
Armor: Robe              |    14 |     7 ||    21
Dodge: Dodged            |   112 |    60 ||   172

Table legend: (Time is in decaauts)
 A = Elapsed time spent in this place.
 B = Non-inter-level travel time spent in this place.
 C = Inter-level travel time spent in this place.
 D = Time resting spent in this place.
 E = Time spent auto-exploring this place.
 F = Levels seen in this place.
 G = Mean time per level.
                   A        B        C        D        E       F      G
               +--------+--------+--------+--------+--------+-----+--------+
         Total |   2138 |   2045 |     93 |    272 |   1236 |   4 |  534.5 |
       Dungeon |   2138 |   2045 |     93 |    272 |   1236 |   4 |  534.5 |
               +--------+--------+--------+--------+--------+-----+--------+

Top non-repeatable levels by time:
     D:3: 774 daAuts
     D:2: 716 daAuts
     D:1: 615 daAuts
     D:4: 32 daAuts
